 Dungeon Crawl Stone Soup version 0.29-a0-473-gacb4ef3bc5 (webtiles) character file.

Game seed: 6457405744293633902

194 Bruhh the Insei (level 5, -13/41 HPs)
             Began as a Merfolk Transmuter on May 23, 2022.
             Mangled by an ogre
             ... wielding a +0 giant spiked club
              (38 damage)
             ... on level 4 of the Dungeon.
             The game lasted 00:05:57 (4087 turns).

Bruhh the Insei (Merfolk Transmuter)                Turns: 4087, Time: 00:05:58

Health: -13/41     AC:  2    Str: 11    XL:     5   Next: 73%
Magic:  6/9        EV: 20    Int: 14    God:
Gold:   119        SH:  5    Dex: 19    Spells: 6/10 levels left

rFire   . . .      SeeInvis .     - Unarmed
rCold   . . .      Faith    .   (shield currently unavailable)
rNeg    . . .      Spirit   .   (body armour currently unavailable)
rPois   x          Reflect  +   (helmet currently unavailable)
rElec   .          Harm     .   (cloak currently unavailable)
rCorr   .          Rampage  .   (gloves currently unavailable)
Will    .....                   (boots currently unavailable)
Stlth   ++........              k - amulet of reflection
HPRegen 0.13/turn               (no ring)
MPRegen 0.11/turn               (no ring)

@: spider-form
A: venomous fangs, tiny, (nimble swimmer 2), (mertail)
a: End Transformation


You were on level 4 of the Dungeon.
You were a venomous arachnid creature.
You visited 1 branch of the dungeon, and saw 4 of its levels.

You collected 119 gold pieces.

Inventory:

Missiles
 l - 5 curare-tipped darts
 u - 6 poisoned darts
Armour
 a - a +0 robe (melded)
 g - a +0 buckler
 q - a +0 pair of gloves (melded)
Jewellery
 k - an amulet of reflection (around neck)
Wands
 p - a wand of paralysis (5)
 s - a wand of digging (7)
Scrolls
 f - 2 scrolls of enchant weapon {unknown}
 n - a scroll of fog {unknown}
 o - a scroll of poison {unknown}
 t - 2 scrolls of identify {unknown}
 v - a scroll of noise {unknown}
Potions
 b - 2 potions of lignification
 c - 2 potions of curing {unknown}
 d - 3 potions of might {unknown}
 e - 2 potions of brilliance {unknown}
 h - 2 potions of mutation {unknown}
 i - a potion of magic {unknown}
 j - a potion of cancellation {unknown}
 m - a potion of degeneration {unknown}
 r - 3 potions of attraction {unknown}


   Skills:
 + Level 3.2 Fighting
 - Level 2.6 Dodging
 + Level 4.5 Unarmed Combat
 + Level 3.1 Spellcasting
 - Level 4.0 Transmutations


You had 6 spell levels left.
You knew the following spells:

 Your Spells              Type           Power      Damage    Failure   Level
a - Beastly Appendage     Tmut           26%        N/A       13%         1
b - Spider Form           Tmut/Pois      7%         N/A       50%         3

Your spell library contained the following spells:

 Spells                   Type           Power      Damage    Failure   Level
 Wereblood                Tmut           13%        N/A       17%         2
 Magic Dart               Conj           8%         1d3       43%         1
 Call Imp                 Summ           2%         N/A       54%         2
 Dazzling Flash           Conj/Hex       4%         N/A       75%         3
 Mephitic Cloud           Conj/Pois/Air  2%         N/A       75%         3
 Ice Form                 Ice/Tmut       7%         N/A       85%         4
 Iskenderun's Mystic Bla  Conj/Tloc      2%         2d3       98%         4
 Starburst                Conj/Fire      1%         6d3       100%        6


Dungeon Overview and Level Annotations

Branches:
Dungeon (4/15)
 Temple: D:4-7

Altars:

Shops:
D:4 *[(:


Innate Abilities, Weirdness & Mutations

You are a venomous arachnid creature.
You have poisonous fangs.
You are tiny and dextrous.
Your spellcasting is less reliable in this form.
Your armour is entirely melded.
You are incapable of wielding weapons or throwing items.
((You are very nimble when in or above water. (Stealth+, EV+, Speed+++)))
((Your lower body shifts to a powerful aquatic tail in water.))


Message History

You are too injured to fight recklessly!
You are too injured to fight recklessly!
You are too injured to fight recklessly!
You are too injured to fight recklessly!
You are too injured to fight recklessly!
You are too injured to fight recklessly!
You are too injured to fight recklessly!
You are too injured to fight recklessly!
Unknown command.
You hit the phantom.
You destroy the phantom!
The endoplasm hits you but does no damage.
Your Fighting skill increases to level 3!
Your Spellcasting skill increases to level 3!
Unknown command.
You hit the endoplasm.
You kill the endoplasm!
Your horns disappear.
An ogre comes into view. It is wielding a +0 giant club.
An ogre is nearby!
An ogre is nearby!
The ogre shouts!
There is a stone staircase leading down here.
Found a long sword.
An ogre comes into view. It is wielding a +0 giant spiked club.
Okay, then.
Really quaff the potion of lignification?
Okay, then.
Casting: Beastly Appendage (safe; 4% risk of failure)
Confirm with . or Enter, or press ? or * to list all spells.
Okay, then.
Casting: Beastly Appendage (safe; 4% risk of failure)
Confirm with . or Enter, or press ? or * to list all spells.
The spell is quite dangerous to miscast (28% risk of failure)!
Continue anyway?
You turn into a venomous arachnid creature.
Your +0 pair of gloves melds into your body.
Your +0 robe melds into your body.
The ogre hits you with a +0 giant spiked club!!!
Ouch! That really hurt!
You die...

.##.#...# ###
#..## ........#
#...# ###.###.#
#..#....) #.###.#
##.#######
#....<# ##.##
##..### #.## #..#
#..## #..# #.#O##
#..# #.##s#
####..#
##.#######
......#
#.........
####.##
#..#######
...#.#######....#
#.#..........#.#
#.#.######.#.#.#
...#.# #.#.# .
####.# #.#.# ..


You could see an ogre.

Vanquished Creatures
  A phantom (D:4)
  4 adders
  2 worms
  2 dart slugs
  5 ball pythons
  3 bats
  6 endoplasms
  3 giant cockroaches
  8 goblins
  11 hobgoblins
  3 jackals (D:3)
  4 quokkas
  4 frilled lizards
  5 kobolds
  6 rats
67 creatures vanquished.

Vanquished Creatures (others)
  A plant (D:4)
1 creature vanquished.

Grand Total: 68 creatures vanquished

Notes
Turn   | Place    | Note
-------+----------+-------------------------------------------
     0 | D:1      | Bruhh the Merfolk Transmuter began the quest for the Orb.
     0 | D:1      | Reached XP level 1. HP: 15/15 MP: 3/3
   289 | D:1      | Reached XP level 2. HP: 21/21 MP: 3/5
  1300 | D:1      | Found a faded altar of an unknown god.
  1324 | D:1      | Reached XP level 3. HP: 27/27 MP: 4/6
  1613 | D:2      | Learned a level 3 spell: Spider Form
  2072 | D:2      | Reached XP level 4. HP: 8/33 MP: 7/7
  2480 | D:2      | Identified the +10 whip "Killer Klown's Bane" {freeze,
                  | *Noise Fly rN++ Dex+4}
  3804 | D:4      | Found Biazxesi's Armour Shoppe.
  3900 | D:4      | Found Yjejuic's Book Shoppe.
  3900 | D:4      | Found Sublar's General Store.
  3906 | D:4      | Reached XP level 5. HP: 39/39 MP: 7/9
  3920 | D:4      | Found Hualaes's Antique Weapon Shoppe.
  4032 | D:4      | Noticed a phantom
  4053 | D:4      | Killed a phantom
  4072 | D:4      | Noticed an ogre
  4082 | D:4      | Noticed an ogre
  4087 | D:4      | Mangled by an ogre

Illustrated notes

Levels and vault maps discovered:
D:1:      minmay_arrival_three_doors, layout_loops_ring,
          hellmonk_ecumenical_altar_leap_of_faith
D:2:      layout_basic, kennysheep_nondescript
D:3:      layout_rooms, mrwooster_statue_mirror, minmay_distorted
D:4:      layout_loops_ring, serial_co_window_serial, co_window_cross_1,
          co_window_corner_a, co_window_paths_a, co_window_paths_a,
          co_window_of_opportunity_a, co_window_corner_cb,
          co_window_of_opportunity_b, co_window_corner_cb, co_window_paths_c,
          co_window_2corner, co_window_corner_cb, co_window_corner_b,
          co_window_paths_d, co_window_paths_e, glass_columns_a,
          glass_columns_a, glass_columns_c, glass_columns_b,
          nrook_loot_triangle, minmay_shop_grid_forest, serial_bayou_pond_a

Skill      XL: |  1  2  3  4  5 |
---------------+----------------+-----
Transmutations | 3 4 |  4.0
Fighting       | 2 3 |  3.2
Unarmed Combat | 4 |  4.5
Spellcasting   | 3 |  3.1
Dodging        | |  2.6

Action                   |  1- 3 |  4- 6 || total
-------------------------+-------+-------++-------
Melee: Unarmed           |   115 |   107 ||   222
       Headbutt          |    14 |    16 ||    30
       Punch             |     3 |     2 ||     5
 Cast: Beastly Appendage |    30 |    21 ||    51
       Spider Form       |       |     2 ||     2
Armor: Robe              |    19 |    11 ||    30
       Skin              |       |     1 ||     1
Dodge: Dodged            |    74 |    52 ||   126
Block: Other             |       |    23 ||    23
       Reflection        |       |     1 ||     1

Table legend: (Time is in decaauts)
 A = Elapsed time spent in this place.
 B = Non-inter-level travel time spent in this place.
 C = Inter-level travel time spent in this place.
 D = Time resting spent in this place.
 E = Time spent auto-exploring this place.
 F = Levels seen in this place.
 G = Mean time per level.
                   A        B        C        D        E       F      G
               +--------+--------+--------+--------+--------+-----+--------+
         Total |   4069 |   3932 |    137 |      0 |   3347 |   4 | 1017.2 |
       Dungeon |   4069 |   3932 |    137 |      0 |   3347 |   4 | 1017.2 |
               +--------+--------+--------+--------+--------+-----+--------+

Top non-repeatable levels by time:
     D:1: 1517 daAuts
     D:2: 1405 daAuts
     D:3: 800 daAuts
     D:4: 346 daAuts
